 Dungeon Crawl Stone Soup version 0.27.1-2-g3b301248ec (webtiles) character file.

Game seed: 8286573816450412141

16 babuloseo the Slasher (level 2, 22/22 HPs)
             Began as a Human Gladiator on Sept 26, 2021.
             Was a Follower of Uskayaw.
             Quit the game on level 1 of the Dungeon.
             The game lasted 00:00:30 (868 turns).

babuloseo the Slasher (Human Gladiator)              Turns: 868, Time: 00:00:31

Health: 22/22      AC:  4    Str: 14    XL:     2   Next: 70%
Magic:  2/2        EV: 12    Int:  8    God:    Uskayaw [*.....]
Gold:   62         SH:  0    Dex: 14    Spells: 1/1 levels left

rFire    . . .     SeeInvis .   a - +0 long sword
rCold    . . .     Faith    .   (no shield)
rNeg     . . .     Spirit   .   b - +0 leather armour
rPois    .         Reflect  .   c - +0 helmet
rElec    .         Harm     .   (no cloak)
rCorr    .         Rampage  .   (no gloves)
Will     .....                  (no boots)
Stlth    +.........             (no amulet)
HPRegen  0.07/turn              (no ring)
MPRegen  0.08/turn              (no ring)

@: no status effects
A: no striking features
a: Renounce Religion, Stomp


You were on level 1 of the Dungeon.
You worshipped Uskayaw.
Uskayaw was noncommittal.
You visited 1 branch of the dungeon, and saw 1 of its levels.

You collected 62 gold pieces.

Inventory:

Hand Weapons
 a - a +0 long sword (weapon)
Missiles
 d - 3 throwing nets (quivered)
Armour
 b - a +0 leather armour (worn)
 c - a +0 helmet (worn)
Scrolls
 h - a scroll of teleportation {unknown}
 j - a scroll of blinking {unknown}
 k - a scroll of identify {unknown}
 l - a scroll of immolation {unknown}
Potions
 e - a potion of cancellation {unknown}
 f - a potion of ambrosia {unknown}
 g - a potion of might {unknown}
 i - a potion of curing {unknown}


   Skills:
 + Level 2.0 Fighting
 + Level 3.5 Long Blades
 + Level 2.0 Throwing
 + Level 0.1 Armour
 + Level 3.2 Dodging


You had one spell level left.
You didn't know any spells.
Your spell library was empty.

Dungeon Overview and Level Annotations

Branches:
Dungeon (1/15)

Altars:
Uskayaw


Message History

The endoplasm freezes you.
You are frozen.
The endoplasm hits you but does no damage.
You hit the endoplasm.
The endoplasm is lightly wounded.
The endoplasm closely misses you.
You riposte.
You hit the endoplasm.
You kill the endoplasm!
No target in view!
Key pressed, stopping explore.
No target in view!
Found a scale mail.
l - a scroll labelled HOPNISCHIAD
There is a faded altar of an unknown god here.
You cannot tell which god this altar belongs to.
Convert to them anyway?
Uskayaw accepts your prayer! Uskayaw welcomes you!
You can now stomp with the beat.
A bat comes into view.
A bat is nearby!
The bat closely misses you.
You riposte.
You closely miss the bat.
A bat is nearby!
You slash the bat!
You kill the bat!
Found 28 stones.
No target in view!
Key pressed, stopping explore.
No target in view!
Key pressed, stopping explore.
No target in view!
Done exploring.
No target in view!
Done exploring.
No target in view!
Done exploring.
No target in view!
Done exploring.
No target in view!
Done exploring.
No target in view!
Are you sure you want to abandon this character and quit the game? (Confirm with "yes".)

############# #............
#.########### #.#........♣.
############.#.#####....
#......@............#.8.
#..#......#..........###
#..#....._#...#.##.##.#.
#..#......#...#.........
#.....................##
#....................###
#..#...#..#......#......
#..#...#.[#......#.♣♣.##
#####..#...#..#.###..#.♣♣.#.


There were no monsters in sight!

Vanquished Creatures
  A dart slug (D:1)
  2 bats (D:1)
  An endoplasm (D:1)
  A giant cockroach (D:1)
  3 goblins (D:1)
  2 hobgoblins (D:1)
  A ball python (D:1)
  A frilled lizard (D:1)
  A rat (D:1)
13 creatures vanquished.

Notes
Turn   | Place    | Note
-------+----------+-------------------------------------------
     0 | D:1      | babuloseo the Human Gladiator began the quest for the Orb.
     0 | D:1      | Reached XP level 1. HP: 16/16 MP: 1/1
    61 | D:1      | Reached XP level 2. HP: 22/22 MP: 2/2
   733 | D:1      | Found a faded altar of an unknown god.
   797 | D:1      | Became a worshipper of Uskayaw the Reveller
   797 | D:1      | Reached * piety under Uskayaw
   868 | D:1      | Quit the game

Illustrated notes

Levels and vault maps discovered:
D:1:      amcnicky_arrival_double_pillar, layout_basic,
          hellmonk_ecumenical_altar_lost_god, chequers_avenue,
          minmay_box_of_dots

Action                   || total
-------------------------++-------
Melee: Long sword        ||    28
Armor: Leather armour    ||    10
Dodge: Dodged            ||    22
       Rpst.: Long sword ||     7
